Unix NetHack Version 5.0.0-0 post-release - last build Jun 10 2026 00:39:30 (3ee93aec679c4c4259841fe613dc97188e26a321,branch:main).

Game began 2026-06-22 16:39:28, ended 2026-06-22 17:04:54.

LDaviesPeters, neutral female human Archeologist

                                                   ----------------
                                                   |..............|
                                                   |..<...........-#
                                                   ----------------#
                                                                   #
                                                                   ##
                                                                    #
                                                                    #
                                                                    #
                                                                    #
                                                                  ##
                                                                   #  -------
                                                           ..|     #  |*....|
                                                          .>.-@d   ###-.....|
                                                          ...|#i######|.....|
                                                          ---    ##`##|.....|
                                                                      -------

LDaviesPeters the Field Worker  St:14 Dx:12 Co:15 In:17 Wi:11 Ch:9  Neutral
Dlvl:5  $:17 HP:0(32) Pw:20(20) AC:7  Xp:4 T:2792  Satiated

Latest messages:
 The little dog misses it.
 You hear some noises.
 Pick a monster, object or location.
 *        a gem or rock (9 rocks)
 You swap places with your little dog.
 You hear some noises.
 You find a hidden door.
 The door resists!
 The door opens.
 The hill orc hits!
 You lash the hill orc.
 You lash the hill orc.
 The hill orc hits!
 You kill the hill orc!
 The hill orc hits!
 You lash the hill orc.
 You miss the hill orc.
 The hill orc hits!
 You miss the hill orc.
 The hill orc hits!
 You lash the hill orc.
 The hill orc hits!
 You miss the hill orc.
 You kill the hill orc!
 You hear some noises.
 $ - 17 gold pieces.
 R - an iron skull cap.
 The dog bites it.
 The dog misses it.
 You miss the imp.
 The dog misses the imp.
 The imp hits!
 You miss the imp.
 The dog misses the imp.
 The imp hits!
 "I first mistook thee for a statue, when I regarded thy head of stone."
 You lash the imp.
 The dog misses the imp.
 The imp hits!
 The dog misses the imp.
 You miss the imp.
 The dog misses the imp.
 The imp hits!
 The dog misses the imp.
 Are you sure you want to pray? [yn] (n) y
 You begin praying to Camaxtli.
 The dog misses the imp.
 The imp hits!
 You die...
 Do you want your possessions identified? [ynq] (y) q

Inventory:
 Coins    ('$')
  $ - 17 gold pieces
 Weapons  (')')
  m - 7 +0 ya
  J - a +0 dagger
  l - 2 +0 orcish daggers
  a - a +2 bullwhip (weapon in right hand)
 Armor    ('[')
  c - an uncursed +0 fedora
  j - an uncursed +0 orcish helm (being worn)
  R - an uncursed +0 orcish helm
  y - an uncursed +0 pair of jumping boots (being worn)
  h - an uncursed +0 leather jacket (being worn)
 Comestibles  ('%')
  d - 7 uncursed food rations
 Scrolls  ('?')
  t - an uncursed scroll of teleportation
 Rings    ('=')
  w - an uncursed ring of slow digestion (on left hand)
 Wands    ('/')
  Q - a wand of striking (0:7)
 Tools    ('(')
  b - an uncursed sack containing 1 item
  k - an uncursed credit card
  o - an expensive camera (0:95)
  r - a magic marker (0:34)
  p - a +0 pick-axe (alternate weapon; not wielded)
  f - a tinning kit (0:93)
 Gems/Stones  ('*')
  g - an uncursed touchstone

Contents of the sack:
  346 gold pieces

LDaviesPeters the Archeologist's attributes:

Background:
 You were a Field Worker, a level 4 female human Archeologist.
 You were neutral, on a mission for Camaxtli
 who was opposed by Quetzalcoatl (lawful) and Huhetotl (chaotic).
 You were right-handed.
 You were in the Dungeons of Doom, on level 5.
 You entered the dungeon 2792 turns ago.
 You had 116 experience points, 44 more were needed to attain level 5.

Basics:
 You had 0 out of 32 hit points.
 You had all 20 energy points (spell power).
 Your armor class was 7.
 Your wallet contained 17 zorkmids, and
 you had 346 more stashed away in your pack.
 Autopickup was off.

Final Characteristics:
 Your strength was 14 (limit:18/100).
 Your dexterity was 12 (limit:18).
 Your constitution was 15 (limit:18).
 Your intelligence was 17 (limit:18).
 Your wisdom was 11 (limit:18).
 Your charisma was 9 (limit:18).

Final Status:
 You were satiated.
 You were unencumbered.
 You were wielding a whip.
 You had basic skill with whip.

Final Attributes:
 You were piously aligned.
 You were telepathic.
 You had automatic searching.
 You could jump.
 You had slower digestion.
 You are dead.

Miscellaneous:
 You didn't encounter any bones levels.
 Total elapsed playing time was 25 minutes and 25 seconds.

Major events:
 Turn
    1: LDaviesPeters the neutral female human Archeologist entered the dungeon
 1138: attained the rank of Field Worker (level 3)
 1586: entered the Gnomish Mines
 2792: killed by an imp, while praying

Spells:
 Name                 Level Category     Fail Retention
 protection             1   clerical      27%  76%-100%
 sleep                  3   enchantment  100%  76%-100%

Skills:
 Fighting Skills
   bare handed combat [Unskilled]
   two weapon combat  [Unskilled]
   riding             [Unskilled]
 Weapon Skills
   dagger             [Unskilled]
   knife              [Unskilled]
   pick-axe           [Basic]
   short sword        [Unskilled]
   saber              [Unskilled]
   club               [Unskilled]
   quarterstaff       [Unskilled]
   sling              [Unskilled]
   dart               [Unskilled]
   boomerang          [Unskilled]
   whip               [Basic]
   unicorn horn       [Unskilled]
 Spellcasting Skills
   attack spells      [Unskilled]
   healing spells     [Unskilled]
   divination spells  [Unskilled]
   matter spells      [Unskilled]

Voluntary challenges:
 Character rerolling was not enabled.
 You never genocided any monsters.
 You never polymorphed an object.
 You used no wishes.
Achievements:
 You attained the rank of Field Worker.
 You entered the Gnomish Mines.

 The Dungeons of Doom: levels 1 to 5
    Level 1:
    Level 2:
    Level 3:
       A fountain.
    Level 4:
       Some fountains.
       Stairs down to The Gnomish Mines.
    Level 5: <- You were here.
       Final resting place for
          you, killed by an imp, while praying.
 The Gnomish Mines:
    Level 5:


Vanquished creatures:
  a baby crocodile
  2 giant ants
  a floating eye
  2 hill orcs
 an orc zombie
  a wererat
  a werejackal
 an iguana
  a hobbit
  2 cave spiders
  a yellow mold
  4 garter snakes
  a gnome zombie
  3 geckos
  4 jackals
  a kobold
  2 goblins
  7 sewer rats
  6 grid bugs
  3 lichens
  a kobold zombie
  3 newts
49 creatures vanquished.

No species were genocided or became extinct.

Game over:
                       ----------
                      /          \
                     /    REST    \
                    /      IN      \
                   /     PEACE      \
                  /                  \
                  |  LDaviesPeters   |
                  |      363 Au      |
                  | killed by an imp |
                  |                  |
                  |                  |
                  |                  |
                  |       2026       |
                 *|     *  *  *      | *
        _________)/\\_//(\/(/\)/\//\/|_)_______

Goodbye LDaviesPeters the Archeologist...

You died in The Dungeons of Doom on dungeon level 5 with 991 points,
and 363 pieces of gold, after 2792 moves.
You were level 4 with a maximum of 32 hit points when you died.

